 Dungeon Crawl Stone Soup version 0.29.1-2-gbd0b4ee654 (webtiles) character file.

Game seed: 17093973946516015060

27 Icepheonix32 the Grave Robber (level 2, -4/19 HPs)
             Began as a Demonspawn Necromancer on Oct 31, 2022.
             Killed from afar by Natasha (8 damage)
             ... with a magic dart
             ... on level 2 of the Dungeon.
             The game lasted 00:01:54 (777 turns).

Icepheonix32 the Grave Robber (DsNe)                 Turns: 777, Time: 00:01:55

Health: -4/19      AC:  6    Str:  8    XL:     2   Next: 93%
Magic:  0/5        EV: 12    Int: 16    God:
Gold:   31         SH:  0    Dex: 13    Spells: 4/5 levels left

rFire   . . .      SeeInvis .   (no weapon)
rCold   . . .      Faith    .   (no shield)
rNeg    . . .      Spirit   .   a - +0 robe
rPois   .          Reflect  .   (no helmet)
rElec   .          Harm     .   (no cloak)
rCorr   .          Rampage  .   (no gloves)
Will    .....                   (no boots)
Stlth   ++........              (no amulet)
HPRegen 0.06/turn               l - +4 ring of protection
MPRegen 0.09/turn               (no ring)

@: very slightly contaminated
A: demonic touch 1
a: no special abilities


You were on level 2 of the Dungeon.
You visited 1 branch of the dungeon, and saw 2 of its levels.

You collected 31 gold pieces.

Inventory:

Armour
 a - a +0 robe (worn)
Magical Staves
 e - a staff of fire
 g - a staff of air
Jewellery
 l - a +4 ring of protection (left hand)
Scrolls
 c - a scroll of magic mapping {unknown}
 f - a scroll of blinking {unknown}
 h - 2 scrolls of teleportation {unknown}
 j - a scroll of immolation {unknown}
 k - a scroll of brand weapon {unknown}
Potions
 b - 2 potions of magic
 d - a potion of cancellation {unknown}
 i - a potion of heal wounds {unknown}


   Skills:
 - Level 1.7 Dodging
 - Level 1.7 Stealth
 - Level 2.0 Spellcasting
 + Level 5.4 Necromancy


You had 4 spell levels left.
You knew the following spells:

 Your Spells              Type           Power      Damage    Failure   Level
a - Necrotise             Necr           76%        1d7       2%          1

Your spell library contained the following spells:

 Spells                   Type           Power      Damage    Failure   Level
 Vampiric Draining        Necr           19%        2d7       7%          3
 Animate Dead             Necr           19%        N/A       22%         4
 Conjure Flame            Conj/Fire      1%         6-21      52%         3
 Ignite Poison            Fire/Tmut/Pois 1%         N/A       52%         3
 Sticky Flame             Conj/Fire      1%         2d3       90%         4
 Agony                    Necr           19%        N/A       52%         5


Dungeon Overview and Level Annotations

Branches:
Dungeon (2/15)

Altars:

Annotations:
D:2 Natasha


Innate Abilities, Weirdness & Mutations

Your touch may inflict minor irresistible damage on your foes.


Message History

You climb downwards.
Found a faded altar of an unknown god.
There is a stone staircase leading up here.
There is a faded altar of an unknown god here.
Natasha, Servant of Life and Death comes into view.
Found 11 gold pieces.
Natasha is nearby!
Natasha hisses angrily.
Natasha writhes in agony!
Natasha casts a spell at you. The magic dart hits you.
Natasha writhes in agony.
Natasha casts a spell at you. The magic dart hits you.
You miscast Necrotise.
You are very lightly contaminated with residual magic.
Nothing appears to happen.
Natasha writhes in agony.
Natasha casts a spell at you. The magic dart hits you.
You are too injured to fight recklessly!
You are too injured to fight recklessly!
You are too injured to fight recklessly!
Unknown command.
Unknown command.
Casting: Necrotise (safe; 2% risk of failure)
Confirm with . or Enter, or press ? or * to list all spells.
Aiming: Necrotise (safe; 2% risk of failure)
Press: ? - help, Shift-Dir - straight line, f/p - Natasha
Aim: Natasha (almost dead, chance to affect: 78%) Natasha barely resists.
Natasha howls an incantation.
You feel troubled.
Natasha stares at you and mumbles some strange words.
The magic dart hits you.
* * * LOW HITPOINT WARNING * * *
Unknown command.
Natasha casts a spell at you. The magic dart hits you!
You die...

#.8.8#
##<...###
#8.8.8.8#
#..._...#
#8...8.8#
##....###
#.8.8#
#.#.###
#...@h#
##....$.....
#..#..#.....
...###..
.... #.#.
.## ### #.##
## #


You could see Natasha.

Vanquished Creatures
  A bat (D:1)
  4 endoplasms (D:1)
  A giant cockroach (D:1)
  5 hobgoblins (D:1)
  2 jackals (D:1)
  3 ball pythons (D:1)
  2 goblins (D:1)
  2 rats (D:1)
20 creatures vanquished.

Vanquished Creatures (collateral kills)
  2 ball pythons (D:1)
  A kobold (D:1)
3 creatures vanquished.

Grand Total: 23 creatures vanquished

Notes
Turn   | Place    | Note
-------+----------+-------------------------------------------
     0 | D:1      | Icepheonix32 the Demonspawn Necromancer began the quest for
                  | the Orb.
     0 | D:1      | Reached XP level 1. HP: 13/13 MP: 3/3
   182 | D:1      | Discovered your monstrous ancestry.
   182 | D:1      | Gained mutation: Your touch may inflict minor irresistible
                  | damage on your foes. [demonic ancestry]
   182 | D:1      | Reached XP level 2. HP: 19/19 MP: 1/5
   187 | D:1      | Reached skill level 5 in Necromancy
   764 | D:2      | Found a faded altar of an unknown god.
   771 | D:2      | Noticed Natasha
   777 | D:2      | Killed from afar by Natasha

Illustrated notes

Levels and vault maps discovered:
D:1:      minmay_arrival_radiant_lines, layout_rooms
D:2:      layout_loops_ring, ebering_ecumenical_altar_ruins, basic_altar,
          serial_shops, shop, shop, nicolae_diamond_shop, shop,
          corexii_leaking_fountain, minmay_fractal_squares_5, uniq_sigmund,
          uniq_natasha

Skill      XL: |  1  2 |
---------------+-------+-----
Necromancy     | 5 |  5.4
Dodging        | |  1.7
Stealth        | |  1.7
Spellcasting   | |  2.0

Action                   || total
-------------------------++-------
Melee: Unarmed           ||     2
       Touch             ||     1
 Cast: Necrotise         ||    37
Armor: Robe              ||     7
Dodge: Dodged            ||    10
